 Dungeon Crawl Stone Soup version 0.21.3-3-g218456f21e (console) character file.

110 spaceenotik the Cudgeler (level 4, -4/45 HPs)
             Began as a Troll Berserker on Dec 20, 2021.
             Was a Believer of Trog.
             Slain by Donald's ghost (8 damage)
             ... on level 6 of the Dungeon.
             The game lasted 00:07:24 (2235 turns).

spaceenotik the Cudgeler (Troll Berserker)          Turns: 2235, Time: 00:07:24

Health: -4/45      AC:  5    Str: 25    XL:     4   Next: 61%
Magic:  3/3        EV: 10    Int:  4    God:    Trog [**....]
Gold:   199        SH:  0    Dex:  9    Spells: 3/3 levels left

rFire    . . .     SeeInvis .   a - +0 mace
rCold    . . .     Gourm    +   (no shield)
rNeg     . . .     Faith    .   l - +0 robe (curse)
rPois    .         Spirit   .   (helmet restricted)
rElec    .         Reflect  .   (no cloak)
rCorr    .         Harm     .   (gloves unavailable)
MR       .....                  (boots unavailable)
Stlth    +.........             (no amulet)
HPRegen  0.55/turn              (no ring)
MPRegen  0.08/turn              (no ring)

@: berserk cooldown, slowed, drained, very slow
A: large, unfitting armour, claws 3, fast metabolism 3, gourmand, regeneration
1, shaggy fur 1, tough skin 2
a: Berserk, Trog's Hand, Burn Spellbooks, Renounce Religion


You were on level 6 of the Dungeon.
You worshipped Trog.
Trog was pleased with you.
You were very full.

You visited 1 branch of the dungeon, and saw 5 of its levels.

You collected 199 gold pieces.

Inventory:

Hand Weapons
 a - a +0 mace (weapon)
 e - a cursed -2 dagger
Armour
 b - a +0 animal skin
 l - a cursed +0 robe (worn)
Jewellery
 m - an uncursed amulet of harm
Scrolls
 f - 2 scrolls of magic mapping {unknown}
 h - a scroll of enchant armour {unknown}
 i - a scroll of amnesia {unknown}
 j - a scroll of blinking {unknown}
 k - 2 scrolls of remove curse {unknown}
Comestibles
 c - 2 rations


   Skills:
 + Level 3.0(1.9) Fighting
 + Level 3.8(2.6) Maces & Flails
 + Level 3.2(2.1) Dodging
 + Level 0.1(0.0) Stealth


You had 3 spell levels left.
You didn't know any spells.

Dungeon Overview and Level Annotations

Branches:
Dungeon (4/15)
 Temple: D:4-7

Altars:
Ashenzari
Dithmenos
Elyvilon
Gozag
Okawaru
Uskayaw

Annotations:
D:6 Donald's ghost, novice TeBe


Innate Abilities, Weirdness & Mutations

You are too large for most types of armour.
You have claws for hands.
Your metabolism is lightning-fast.
You like to eat raw meat.
Your natural rate of healing is unusually fast.
You are covered in fur. (AC +1)
You have very tough skin. (AC +2)


Message History

You are no longer berserk.
You are exhausted.
You feel yourself slow down.
Donald's ghost says very slowly, "There's no hope."
Donald's ghost closely misses you.
You feel better. Donald's ghost hits you!
* * * LOW HITPOINT WARNING * * *
You feel better. Donald's ghost misses you. Donald's ghost hits you.
You feel better. Donald's ghost hits you! Donald's ghost completely misses you.
You aren't carrying any potions.
You barely miss Donald's ghost.
Donald's ghost is severely damaged.
Donald's ghost hits you but does no damage.
You closely miss Donald's ghost.
Donald's ghost is severely damaged.
Donald's ghost hits you!
* * * LOW HITPOINT WARNING * * *
Donald's ghost hits you!
You die...

#.
..#########
###........#
.........?.#
..?........#
...........#
#...†W@..#
#........#
#........#
#........#
#........#
#........#
##########


You could see Donald's ghost.

Vanquished Creatures
  A worker ant (D:4)
  4 adders
  An adder skeleton (D:6)
  A leopard gecko (D:4)
  5 orcs
  3 bats
  3 giant cockroaches
  2 hobgoblins
  A kobold (D:2)
  A quokka (D:6)
  2 ball pythons
  5 frilled lizards (D:1)
  9 goblins
  A jackal skeleton (D:4)
  3 rats
42 creatures vanquished.

Notes
Turn   | Place    | Note
-------+----------+-------------------------------------------
     0 | D:1      | spaceenotik the Troll Berserker began the quest for the Orb.
     0 | D:1      | Reached XP level 1. HP: 22/22 MP: 0/0
   336 | D:1      | Reached XP level 2. HP: 29/29 MP: 1/1
   849 | D:2      | Found a hide-covered altar of Uskayaw.
   849 | D:2      | Noticed a hand axe
   849 | D:2      | Noticed a hand axe
   934 | D:2      | Reached XP level 3. HP: 34/36 MP: 2/2
  1127 | D:2      | Found a white marble altar of Elyvilon.
  1127 | D:2      | Found a shadowy altar of Dithmenos.
  1265 | D:2      | Found a shattered altar of Ashenzari.
  1717 | D:2      | Found an iron altar of Okawaru.
  1851 | D:3      | Found an opulent altar of Gozag.
  1869 | D:3      | Reached ** piety under Trog
  1998 | D:4      | Reached XP level 4. HP: 38/44 MP: 3/3
  2210 | D:4      | You fall through a shaft for 2 floors!
  2210 | D:6      | Noticed Donald's ghost (novice TeBe)
  2235 | D:6      | Slain by Donald's ghost

Skill      XL: |  1  2  3  4 |
---------------+-------------+-----
Maces & Flails | 3 |  3.8
Dodging        | 3 |  3.2
Fighting       | 3 |  3.0
Stealth        | |  0.1

Action                   |  1- 3 |  4- 6 || total
-------------------------+-------+-------++-------
Melee: Mace              |   123 |    27 ||   150
Invok: Berserk           |     8 |     3 ||    11
       Trog's Hand       |       |     1 ||     1
  Use: Potion            |     6 |     3 ||     9
  Eat: Chunk             |    18 |     5 ||    23
       Ration            |     4 |       ||     4
Armor: Animal skin       |    30 |       ||    30
       Skin              |    37 |       ||    37
       Robe              |    30 |     8 ||    38
Dodge: Dodged            |    99 |    16 ||   115
